 Dungeon Crawl Stone Soup version 0.29.0-11-gd7f09526c8 (webtiles) character file.

Game seed: 18359642820936686825

100 SensoryNuts the Ducker (level 4, 0/45 HPs)
             Began as a Troll Fighter on Sept 2, 2022.
             Killed by divine providence
             ... invoked by an orc priest
              (8 damage)
             ... on level 3 of the Dungeon.
             The game lasted 00:02:11 (1419 turns).

SensoryNuts the Ducker (Troll Fighter)              Turns: 1419, Time: 00:02:11

Health: 0/45       AC:  4    Str: 26    XL:     4   Next: 46%
Magic:  3/3        EV: 10    Int:  4    God:
Gold:   55         SH:  0    Dex:  9    Spells: 3/3 levels left

rFire   . . .      SeeInvis .   a - +0 flail
rCold   . . .      Faith    .   (no shield)
rNeg    . . .      Spirit   .   b - +0 robe
rPois   .          Reflect  .   (helmet restricted)
rElec   .          Harm     .   (no cloak)
rCorr   .          Rampage  .   (gloves unavailable)
Will    .....                   (boots unavailable)
Stlth   +.........              (no amulet)
HPRegen 0.95/turn               (no ring)
MPRegen 0.08/turn               (no ring)

@: mighty
A: large, unfitting armour, claws 3, regeneration 1, shaggy fur 1, tough skin 1
a: no special abilities


You were on level 3 of the Dungeon.
You visited 1 branch of the dungeon, and saw 3 of its levels.

You collected 55 gold pieces.

Inventory:

Hand Weapons
 a - a +0 flail (weapon)
Armour
 b - a +0 robe (worn)
Jewellery
 e - a +6 ring of intelligence
Scrolls
 c - 3 scrolls of teleportation {unknown}
 g - a scroll of summoning {unknown}
 j - a scroll of enchant armour {unknown}
 k - a scroll of blinking {unknown}
 m - 4 scrolls of identify {unknown}
 n - a scroll of magic mapping {unknown}
 o - a scroll of torment {unknown}
Potions
 f - a potion of lignification {unknown}
 h - 2 potions of degeneration {unknown}
 i - a potion of resistance {unknown}
 l - a potion of haste {unknown}
 p - a potion of flight {unknown}


   Skills:
 + Level 3.1 Fighting
 + Level 2.7 Maces & Flails
 + Level 3.2 Dodging
 + Level 2.8 Shields


You had 3 spell levels left.
You didn't know any spells.
Your spell library contained the following spells:

 Spells                   Type           Power      Damage    Failure   Level
 Beastly Appendage        Tmut           0%         N/A       50%         1
 Necrotise                Necr           0%         1d4       50%         1
 Wereblood                Tmut           0%         N/A       65%         2
 Ozocubu's Armour         Ice            0%         N/A       86%         3
 Spider Form              Tmut/Pois      0%         N/A       86%         3
 Vampiric Draining        Necr           0%         2d6       86%         3
 Agony                    Necr           0%         N/A       100%        5
 Ozocubu's Refrigeration  Ice            0%         4d7       100%        7


Dungeon Overview and Level Annotations

Branches:
Dungeon (3/15)

Altars:


Innate Abilities, Weirdness & Mutations

You are too large for most types of armour.
You have claws for hands.
Your natural rate of healing is unusually fast.
You are covered in fur. (AC +1)
You have tough skin. (AC +1)


Message History

Ijyb zaps a wand.
You resist with some effort.
Ijyb grins evilly.
You barely miss Ijyb.
Ijyb is moderately wounded.
Ijyb hits you with a +0 club.
You bump into the rock wall.
Ijyb hits you but does no damage.
The orc priest calls down the wrath of Beogh upon you.
Beogh smites you!
You hit Ijyb.
Ijyb is heavily wounded.
Ijyb hits you with a +0 club. x2
You barely miss Ijyb.
Ijyb is heavily wounded.
You feel less confused.
Ijyb zaps a wand.
You resist with some effort.
You hit Ijyb but do no damage.
Ijyb is heavily wounded.
Ijyb hits you with a +0 club.
* * * LOW HITPOINT WARNING * * *
You feel very mighty all of a sudden.
Ijyb zaps a wand.
You resist with some effort.
You hit Ijyb.
Ijyb is severely wounded.
Ijyb hits you with a +0 club.
* * * LOW HITPOINT WARNING * * *
You barely miss Ijyb.
Ijyb is severely wounded.
Ijyb closely misses you. Ijyb hits you with a +0 club.
* * * LOW HITPOINT WARNING * * *
You bludgeon Ijyb!!
You kill Ijyb!
The orc priest calls down the wrath of Beogh upon you.
Pain shoots through your body!
* * * LOW HITPOINT WARNING * * *
The orc priest casts a cantrip, but nothing happens.
Items here: ) / [ †.
You barely miss the orc priest.
The orc priest invokes the aid of Beogh against you.
Beogh smites you!
You die...

####+## ...# #.#.##.##.##
#.....####..######.##.#.⌠.#
#................ ....##.##
####..o..........#
##....#..
#....###.o.......# ####...#
+$.o.# #.....o#..# ###.#
#...)# ######w#..## #.#
##'##. #o#...# ########.#
#. .. #@#<..# ......##.# ##
... #.....# ###.#....# ....
####.)# #...#....# g....
#..# #.##..##.# ..w...
####.# #.#...##.#
#....###.#.#.##.#
#.##.......#.##.. #
###.....#.#### #.#...#.#


You could see an orc priest, a dart slug and an orc.

Vanquished Creatures
  Jessica (D:2)
  Ijyb (D:3)
  An adder (D:2)
  A dart slug (D:1)
  4 orcs (D:3)
  6 bats
  An endoplasm (D:1)
  3 hobgoblins
  2 quokkas (D:1)
  A ball python (D:1)
  A frilled lizard (D:1)
  A goblin (D:2)
  6 kobolds
  8 rats
37 creatures vanquished.

Notes
Turn   | Place    | Note
-------+----------+-------------------------------------------
     0 | D:1      | SensoryNuts the Troll Fighter began the quest for the Orb.
     0 | D:1      | Reached XP level 1. HP: 22/22 MP: 0/0
   192 | D:1      | Reached XP level 2. HP: 29/29 MP: 1/1
   739 | D:2      | Noticed Jessica
   754 | D:2      | Killed Jessica
   755 | D:2      | Reached XP level 3. HP: 18/36 MP: 2/2
  1376 | D:3      | Reached XP level 4. HP: 35/45 MP: 3/3
  1376 | D:3      | Noticed Ijyb
  1417 | D:3      | Killed Ijyb
  1419 | D:3      | Killed from afar by an orc priest

Illustrated notes

Levels and vault maps discovered:
D:1:      lightli_molten_gateway, layout_loops_ring
D:2:      layout_basic, uniq_jessica
D:3:      layout_basic, nicolae_ecumenical_snake_handling,
          grunt_decor_one_mirror, uniq_ijyb, uniq_crazy_yiuf_cottage

Skill      XL: |  1  2  3 |
---------------+----------+-----
Maces & Flails | 2 |  2.7
Dodging        | 3 |  3.2
Fighting       | 3 |  3.1
Shields        | |  2.8

Action                   |  1- 3 |  4- 6 || total
-------------------------+-------+-------++-------
Melee: Flail             |   113 |    28 ||   141
  Use: Potion            |       |     1 ||     1
Armor: Robe              |    38 |     4 ||    42
Dodge: Dodged            |    71 |    10 ||    81
